 Dungeon Crawl Stone Soup version 0.25-a0-804-g50c693f418 (webtiles) character file.

Game seed: 7533651300198489353, levelgen mode: deterministic

266 magipi the Cleaver (level 6, -1/58 HPs)
             Began as a Hill Orc Chaos Knight on Apr 20, 2020.
             Was a Plaything of Xom.
             Slain by a guardian serpent (shapeshifter) (20 damage)
             ... on level 3 of the Dungeon.
             The game lasted 00:05:54 (2170 turns).

magipi the Cleaver (Hill Orc Chaos Knight)          Turns: 2170, Time: 00:05:55

Health: -1/58      AC:  5    Str: 15    XL:     6   Next: 20%
Magic:  6/6        EV: 13    Int: 12    God:    Xom [.....*]
Gold:   175        SH:  0    Dex: 12    Spells: 5/5 levels left

rFire    . . .     SeeInvis .   a - +0 hand axe (chaos)
rCold    . . .     Gourm    .   (no shield)
rNeg     . . .     Faith    .   b - +2 leather armour
rPois    .         Spirit   .   (no helmet)
rElec    .         Reflect  .   (no cloak)
rCorr    .         Harm     .   (no gloves)
MR       .....                  (no boots)
Stlth    +.........             (no amulet)
HPRegen  0.19/turn              (no ring)
MPRegen  0.10/turn              (no ring)

@: no status effects
A: no striking features
a: Renounce Religion


You were on level 3 of the Dungeon.
You worshipped Xom.
You were Xom's teddy bear.
You were not hungry.

You visited 1 branch of the dungeon, and saw 3 of its levels.

You collected 175 gold pieces.

Inventory:

Hand Weapons
 a - a +0 hand axe of chaos (weapon)
 m - a +1 mace of holy wrath
   (You found it on level 2 of the Dungeon)
Missiles
 n - 13 poisoned darts (quivered)
Armour
 b - a +2 leather armour (worn)
Jewellery
 g - an uncursed ring of protection from fire {unknown}
   (You found it on level 1 of the Dungeon)
 l - a +2 ring of dexterity {unknown}
   (You found it on level 2 of the Dungeon)
Scrolls
 d - 3 scrolls of remove curse {unknown}
 e - a scroll of enchant weapon {unknown}
 f - 5 scrolls of teleportation {unknown}
 i - a scroll of fear {unknown}
 j - 3 scrolls of identify {unknown}
Potions
 k - a potion of brilliance {unknown}
 o - a potion of haste {unknown}
Comestibles
 c - 3 rations
 h - 2 chunks of flesh


   Skills:
 + Level 6.5 Fighting
 * Level 9.5 Axes
 + Level 3.9 Throwing
 + Level 5.4 Armour
 + Level 4.0 Dodging


You had 5 spell levels left.
You didn't know any spells.
Your spell library was empty.

Dungeon Overview and Level Annotations

Branches:
Dungeon (3/15)

Altars:
Hepliaklqana
Kikubaaqudgha
Xom


Message History

Found a stone staircase leading down.
The worm closely misses you.
You hit the worm.
The worm is poisoned.
The worm is lightly wounded.
Unknown command.
You slash the worm!
The worm is severely wounded.
The worm bites you!
Unknown command.
You hit the worm.
The worm is severely wounded.
Unknown command.
You hit the worm.
You kill the worm!
Unknown command.
No target in view!
Unknown command.
You see here a worm corpse.
Found a golden potion.
f - 5 scrolls labeled DEFOTH REOKHLIUMO (gained 1)
o - a golden potion
There is a stone staircase leading up here.
You open the door.
A worm comes into view.
A frilled lizard and a bat come into view.
The frilled lizard hisses angrily.
The bat closely misses you. The bat barely misses you.
Found a hazy altar of Hepliaklqana.
There is an open door here.
Unknown command.
You hit the worm.
The worm is moderately wounded.
You hit the bat but do no damage.
The bat flickers and vanishes!
Deactivating autopickup; reactivate with Ctrl-A.
Something completely misses you. The worm bites you!
Unknown command.
You hit the worm. You freeze the worm.
The worm is heavily wounded.
You hit something. You burn something. Something hits you but does no damage.
Unknown command.
You hit the worm.
The worm is severely wounded.
Something barely misses you.
A giant cockroach comes into view.
Something hits you but does no damage.
The frilled lizard unfolds its giant frill.
The worm completely misses you.
You hit the worm. You freeze the worm.
The worm is severely wounded.
You miss something. Something hits you but does no damage.
Unknown command.
Unknown command.
You hit the worm.
The worm is moving more slowly.
The worm is almost dead.
You hit something.
Reactivating autopickup.
Your Dodging skill increases to level 4!
You feel a bit more experienced. The worm bites you.
You hit the worm.
You kill the worm!
You hit the frilled lizard but do no damage.
The frilled lizard changes into a shapeshifter! "How about this?"
Your eyebrows briefly feel incredibly bushy.
You are now Xom's teddy bear.
The shapeshifter changes into a salamander!
Unknown command.
Unknown command.
Xom grants you a minor favour.
Your +0 hand axe of chaos looks sharp (like it always does).
The giant cockroach closely misses you. The giant cockroach barely misses you.
The giant cockroach bites you but does no damage.
There is a stone staircase leading up here.
The giant cockroach misses you.
You climb upwards.
There is a stone staircase leading down here.
You hit the giant cockroach.
The giant cockroach is poisoned.
The giant cockroach is moderately wounded.
You kill the giant cockroach!
No target in view!
You start resting.
Your cleaving frenzy subsides.
You start resting. "Just a minor improvement..."
Unknown command.
HP restored.
There is a stone staircase leading down here.
You climb downwards.
There is a stone staircase leading up here.
Unknown command.
The salamander hits you!
You are engulfed in flames!
You hit the salamander. You drain the salamander.
The salamander is lightly wounded.
The salamander changes into a guardian serpent!
There is a stone staircase leading up here.
You hit the guardian serpent but do no damage.
The guardian serpent barely misses you.
You closely miss the guardian serpent. The guardian serpent hits you!! x2
You die...
Xom roars with laughter!

# +.# #.## #... #...
###########
#_..###..##@....##
#...#...S......##
####'#......<....#
####.#..#.....>.....#
....................#
#####.....÷...†......#
.......÷)<.(......>..#
....#..).............#
...###..............##


You could see a guardian serpent shaped shifter.

Vanquished Creatures
  2 vampire bats (D:2)
  5 adders
  5 worms
  3 dart slugs
  6 leopard geckos
  An orc (D:3)
  A ball python (D:2)
  4 bats
  3 bat skeletons (D:2)
  4 bat zombies (D:2)
  4 giant cockroaches
  5 goblins
  9 hobgoblins
  2 jackals (D:1)
  A quokka (D:2)
  A frilled lizard (D:1)
  5 kobolds
  7 rats
68 creatures vanquished.

Notes
Turn   | Place    | Note
-------+----------+-------------------------------------------
     0 | D:1      | magipi the Hill Orc Chaos Knight began the quest for the
                  | Orb.
     0 | D:1      | Reached XP level 1. HP: 19/19 MP: 1/1
    91 | D:1      | Reached XP level 2. HP: 16/27 MP: 2/2
    95 | D:1      | Reached skill level 1 in Dodging
   279 | D:1      | XOM: silly message
   365 | D:1      | XOM: silly message
   621 | D:1      | Reached XP level 3. HP: 33/33 MP: 3/3
  1097 | D:2      | XOM: potion effect (haste)
  1107 | D:2      | Reached skill level 1 in Throwing
  1126 | D:1      | Reached skill level 9 in Axes
  1126 | D:1      | Reached skill level 5 in Armour
  1126 | D:1      | Reached XP level 4. HP: 8/45 MP: 4/4
  1382 | D:1      | XOM: divination: detect creatures
  1464 | D:2      | Reached XP level 5. HP: 48/51 MP: 5/5
  1597 | D:2      | XOM: divination: detect items
  1721 | D:2      | XOM: silly message
  1839 | D:2      | Found an ancient bone altar of Kikubaaqudgha.
  1840 | D:2      | XOM: divination: detect items
  1855 | D:2      | XOM: smoke on damage
  1870 | D:2      | Reached XP level 6. HP: 44/58 MP: 6/6
  2067 | D:3      | Found a hazy altar of Hepliaklqana.
  2073 | D:3      | Noticed a shapeshifter
  2073 | D:3      | a frilled lizard changed into a shapeshifter
  2073 | D:3      | XOM: silly message
  2073 | D:3      | Noticed a salamander
  2073 | D:3      | a shapeshifter changed into a salamander
  2075 | D:3      | XOM: cleaving
  2122 | D:2      | XOM: scenery: create altars
  2167 | D:3      | Noticed a guardian serpent
  2167 | D:3      | a salamander changed into a guardian serpent
  2170 | D:3      | Slain by a guardian serpent (shapeshifter)

Levels and vault maps discovered:
D:1:      lightli_arrival_farm, layout_basic
D:2:      layout_rooms, kennysheep_vampire_church, grunt_ministairs_7,
          minmay_circle_x
D:3:      layout_rooms, regret_index_temple_of_mockery, marbit_many_paths,
          fedhas_ov_isle_minmay, nicolae_ru_awakened_eye

Skill      XL: |  1  2  3  4  5  6 |
---------------+-------------------+-----
Dodging        | 1 3 4 |  4.0
Fighting       | 6 |  6.5
Throwing       | 3 |  3.9
Axes           | 9 |  9.5
Armour         | 5 |  5.4

Action                   |  1- 3 |  4- 6 || total
-------------------------+-------+-------++-------
Melee: Hand axe          |    70 |   135 ||   205
  Use: Potion            |     2 |       ||     2
  Eat: Chunk             |       |     4 ||     4
Armor: Leather armour    |    22 |    48 ||    70
Dodge: Dodged            |    42 |   106 ||   148

Table legend:
 A = Non-vault XP
 B = Vault XP
 C = Vault XP percentage of total XP
 D = Non-vault monster count
 E = Vault monster count
 F = Vault count percentage of total count
                 A         B        C        D         E       F
            +---------+---------+-------+---------+---------+-------
      Total |     152 |     157 |  50.8 |      53 |      15 |  22.1
            +---------+---------+-------+---------+---------+-------
        D:1 |      49 |       0 |   0.0 |      25 |       0 |   0.0
        D:2 |      71 |     157 |  68.9 |      20 |      15 |  42.9
        D:3 |      32 |       0 |   0.0 |       8 |       0 |   0.0
            +---------+---------+-------+---------+---------+-------

Action                   |  1- 3 |  4- 6 || total
-------------------------+-------+-------++-------
Melee: Hand axe          |    70 |   135 ||   205
  Use: Potion            |     2 |       ||     2
  Eat: Chunk             |       |     4 ||     4
Armor: Leather armour    |    22 |    48 ||    70
Dodge: Dodged            |    42 |   106 ||   148
